 Dungeon Crawl Stone Soup version 0.28.0-45-g0d030f2227 (webtiles) character file.

Game seed: 10871440546624291524

109 Kaptain the Digger (level 4, 0/26 HPs)
             Began as a Gargoyle Earth Elementalist on Apr 14, 2022.
             Killed from afar by a white imp (11 damage)
             ... with a puff of frost
             ... summoned by Natasha
             ... on level 3 of the Dungeon.
             The game lasted 00:04:20 (3492 turns).

Kaptain the Digger (Gargoyle Earth Elementalist)    Turns: 3492, Time: 00:04:21

Health: 0/26       AC:  6    Str: 11    XL:     4   Next: 90%
Magic:  1/7        EV: 11    Int: 18    God:
Gold:   128        SH:  0    Dex: 10    Spells: 4/8 levels left

rFire   . . .      SeeInvis .   d - +0 mace
rCold   . . .      Faith    .   (no shield)
rNeg    + . .      Spirit   .   i - +0 leather armour
rPois   ∞          Reflect  .   (no helmet)
rElec   +          Harm     .   (no cloak)
rCorr   .          Rampage  .   (no gloves)
Will    .....                   (no boots)
Stlth   ++........              (no amulet)
HPRegen 0.08/turn               (no ring)
MPRegen 0.10/turn               (no ring)

@: slowed, very slow
A: sickness immunity, AC +3, negative energy resistance 1, electricity
resistance, torment resistance 1, petrification resistance
a: no special abilities


You were on level 3 of the Dungeon.
You visited 1 branch of the dungeon, and saw 3 of its levels.

You collected 128 gold pieces.

Inventory:

Hand Weapons
 c - a +0 hand axe
 d - a +0 mace (weapon)
 g - a +0 hunting sling
 q - a +0 trident
Missiles
 e - 48 sling bullets
 m - a throwing net
Armour
 i - a +0 leather armour (worn)
Wands
 k - a wand of iceblast (6)
Scrolls
 b - a scroll of vulnerability {unknown}
 h - a scroll of fear {unknown}
 j - a scroll of brand weapon {unknown}
 n - 2 scrolls of identify {unknown}
 s - a scroll of amnesia {unknown}
Potions
 a - a potion of attraction {unknown}
 f - a potion of magic {unknown}
 l - a potion of curing
 o - a potion of heal wounds {unknown}
 r - a potion of cancellation {unknown}
 t - a potion of resistance {unknown}


   Skills:
 * Level 2.0 Fighting
 + Level 1.2 Armour
 - Level 1.5 Dodging
 - Level 2.1 Stealth
 + Level 1.2 Shields
 * Level 2.6 Spellcasting
 * Level 1.6 Conjurations
 - Level 0.7 Transmutations
 * Level 4.4 Earth Magic


You had 4 spell levels left.
You knew the following spells:

 Your Spells              Type           Power      Damage    Failure   Level
a - Sandblast             Erth           36%        2d10      3%          1
b - Stone Arrow           Conj/Erth      26%        3d8       19%         3

Your spell library contained the following spells:

 Spells                   Type           Power      Damage    Failure   Level
 Passwall                 Tmut/Erth      9%         N/A       12%         2
 Petrify                  Tmut/Erth      11%        N/A       61%         4


Dungeon Overview and Level Annotations

Branches:
Dungeon (3/15)

Altars:

Annotations:
D:3 Natasha


Innate Abilities, Weirdness & Mutations

You are immune to sickness and miasma.
Your stone body is resilient. (AC +3)
You are immune to poison.
You resist negative energy. (rN+)
You are resistant to electric shocks. (rElec)
You are resistant to unholy torment.
You are immune to petrification.


Message History

Natasha is lightly wounded.
You now have no stones remaining.
Natasha mumbles some strange words.
You feel disoriented.
You closely miss Natasha.
Natasha is lightly wounded.
Natasha claws you but does no damage. Natasha closely misses you.
You closely miss Natasha.
Natasha is lightly wounded.
Natasha claws you but does no damage. Natasha misses you.
You hit Natasha but do no damage.
Natasha is lightly wounded.
Natasha claws you.
Natasha casts a spell.
You closely miss Natasha.
Natasha is lightly wounded.
Natasha closely misses you. The white imp gestures at you.
The puff of frost hits you! Natasha closely misses you.
Casting: Sandblast (safe; 3% risk of failure)
Confirm with . or Enter, or press ? or * to list all spells.
You don't have any stones to cast with.
Unknown command.
Casting: Sandblast (safe; 3% risk of failure)
Confirm with . or Enter, or press ? or * to list all spells.
You don't have any stones to cast with.
Unknown command.
Unknown command.
You barely miss Natasha.
Natasha is lightly wounded.
Natasha claws you but does no damage. The white imp gestures at you.
The puff of frost hits you.
* * * LOW HITPOINT WARNING * * *
Natasha closely misses you.
The white imp hits you but does no damage.
It was a potion of curing.
You feel better.
Natasha mumbles some strange words.
The white imp gestures at you. The puff of frost hits you!
You die...

#.#########.# #.#
#........##.# #.#
#..#####.##.###### #..
##. ####.........# ###
... #.......)....# #
###.##.##.##.##...# #
#.......#.##..#..######
#....h5...###.#.)#.....
#....5@.#.# .#........
#.......#.......##.....
#....)..#####.#######.#
#.......# #. #.#
######### # #.# #.# #..
### ##.#


You could see Natasha, a crimson imp (summoned) and a white imp (summoned).

Vanquished Creatures
  Ijyb (D:3)
  An adder (D:2)
  A gnoll (D:1)
  A dart slug (D:2)
  2 orcs (D:3)
  3 ball pythons
  4 endoplasms
  3 giant cockroaches
  5 goblins
  8 hobgoblins
  3 jackals (D:1)
  6 kobolds
  5 quokkas
  6 bats
  A frilled lizard (D:2)
  6 rats
56 creatures vanquished.

Notes
Turn   | Place    | Note
-------+----------+-------------------------------------------
     0 | D:1      | Kaptain the Gargoyle Earth Elementalist began the quest for
                  | the Orb.
     0 | D:1      | Reached XP level 1. HP: 10/10 MP: 3/3
   300 | D:1      | Reached XP level 2. HP: 15/16 MP: 3/5
   821 | D:1      | Reached skill level 1 in Fighting
   831 | D:1      | Reached skill level 1 in Conjurations
   877 | D:1      | Reached XP level 3. HP: 20/20 MP: 2/6
   882 | D:1      | Learned a level 3 spell: Stone Arrow
  1399 | D:2      | Reached skill level 4 in Earth Magic
  1638 | D:2      | Reached skill level 1 in Armour
  1788 | D:2      | Reached XP level 4. HP: 10/25 MP: 5/7
  2084 | D:2      | Reached skill level 1 in Shields
  3479 | D:3      | Noticed Ijyb
  3483 | D:3      | Noticed Natasha
  3485 | D:3      | Killed Ijyb
  3492 | D:3      | Killed from afar by a white imp

Illustrated notes

Levels and vault maps discovered:
D:1:      saegor_arrival_simple_b, layout_basic, minmay_misc_feat_x,
          kennysheep_pointless_box, minmay_splitting_lines,
          minmay_misc_feat_chi, minivault_5
D:2:      layout_loops_corners
D:3:      layout_loops_cross, uniq_ijyb, uniq_natasha

Skill      XL: |  1  2  3  4 |
---------------+-------------+-----
Fighting       | 1 2 |  2.0
Conjurations   | 1 |  1.6
Earth Magic    | 4 |  4.4
Armour         | 1 |  1.2
Shields        | 1 |  1.2
Dodging        | |  1.5
Stealth        | |  2.1
Spellcasting   | |  2.6
Transmutations | |  0.7

Action                   |  1- 3 |  4- 6 || total
-------------------------+-------+-------++-------
Melee: Mace              |    26 |    19 ||    45
 Cast: Sandblast         |    42 |    11 ||    53
       Stone Arrow       |       |    11 ||    11
  Use: Potion            |       |     1 ||     1
 Stab: Sleeping          |     2 |     1 ||     3
Armor: Robe              |     9 |       ||     9
       Leather armour    |    14 |    12 ||    26
Dodge: Dodged            |    34 |    14 ||    48
